 Dungeon Crawl Stone Soup version 0.23.3-3-gaaff5abdbf (webtiles) character file.

Game seed: 9079506992769726904

23185 MordorOrchid the Archer (level 12, -1/106 HPs)
             Began as a Centaur Hunter on June 26, 2020.
             Was the Champion of Okawaru.
             Slain by a meliai
             ... wielding a +0 hand axe
              (5 damage)
             ... on level 14 of the Dungeon.
             The game lasted 00:49:51 (14692 turns).

MordorOrchid the Archer (Centaur Hunter)           Turns: 14692, Time: 00:49:51

Health: -1/106     AC: 14    Str: 15    XL:     12   Next: 69%
Magic:  0/17       EV:  8    Int: 10    God:    Okawaru [******]
Gold:   213        SH:  0    Dex: 15    Spells: 10/17 levels left

rFire    + . .     SeeInvis .   j - +0 longbow
rCold    + . .     Gourm    .   (shield currently unavailable)
rNeg     . . .     Faith    .   F - +1 scale mail {rC+}
rPois    .         Spirit   +   C - +2 helmet
rElec    .         Reflect  .   g - scarf {Spirit}
rCorr    .         Harm     .   B - +0 pair of gloves
MR       .....                  (no barding)
Stlth    ..........             p - amulet of the acrobat
HPRegen  0.27/turn              D - ring of protection from fire
MPRegen  0.15/turn              Z - ring of wizardry

@: very quick
A: large, hooves 3, deformed body, speed 2, tough skin 3
a: Heroism, Finesse, Renounce Religion


You were on level 14 of the Dungeon.
You worshipped Okawaru.
Okawaru was exalted by your worship.
You were not hungry.

You visited 2 branches of the dungeon, and saw 15 of its levels.
You also visited: Sewer.

You collected 707 gold pieces.
You spent 494 gold pieces at shops.

Inventory:

Hand Weapons
 b - a +0 blowgun
 j - a +0 longbow (weapon)
 x - a +2 scimitar of holy wrath
 y - a +2 dagger of venom
 M - a +1 shortbow
 O - the +4 hand axe of Cygocir {chop, MR+ Str+2}
   (You found it on level 13 of the Dungeon)

   It inflicts extra damage upon your enemies.
   It affects your strength (+2).
   It affects your resistance to hostile enchantments.
Missiles
 d - 302 arrows (quivered)
 q - 59 poisoned needles
 t - 3 throwing nets
Armour
 g - a scarf of spirit shield (worn)
 z - a +0 chain mail
 B - a +0 pair of gloves (worn)
 C - a +2 helmet (worn)
 F - a +1 scale mail of cold resistance (worn)
Magical Staves
 E - an uncursed staff of death
 N - an uncursed staff of energy
Jewellery
 p - an amulet of the acrobat (around neck)
 u - an uncursed ring of protection from cold
 D - a ring of protection from fire (left hand)
 K - an uncursed ring of protection from fire
 Z - a ring of wizardry (right hand)
Wands
 G - a wand of disintegration (2)
 I - a wand of random effects (10)
 J - a wand of acid (5)
 L - a wand of digging (3)
 P - a wand of iceblast (6)
Scrolls
 a - 5 scrolls of fear
 e - a scroll of enchant weapon {unknown}
 h - 3 scrolls of magic mapping
 k - 2 scrolls of enchant armour
 m - a scroll of amnesia {unknown}
 n - 9 scrolls of teleportation
 o - 4 scrolls of remove curse
 s - a scroll of fog
 w - a scroll of silence
Potions
 i - a potion of haste
 l - 4 potions of curing
 r - 4 potions of agility
 v - 5 potions of ambrosia
 A - 2 potions of mutation
 H - a potion of might
 R - a potion of cancellation
Miscellaneous
 c - a box of beasts
Comestibles
 f - 19 rations
 Q - a chunk of flesh


   Skills:
 - Level 10.0 Fighting
 - Level 1.0 Short Blades
 - Level 14.0 Bows
 * Level 9.8 Armour
 - Level 1.3 Dodging
 - Level 0.4 Stealth
 - Level 3.0 Spellcasting
 - Level 3.0 Translocations
 - Level 7.0 Invocations
 * Level 4.9 Evocations


You had 10 spell levels left.
You knew the following spells:

 Your Spells              Type           Power        Failure   Level  Hunger
c - Conjure Flame         Conj/Fire      #.......     65%         3    ###....
t - Sticks to Snakes      Tmut           #.......     43%         2    ###....
x - Blink                 Tloc           N/A          16%         2    ###....

Your spell library contained the following spells:

 Spells                   Type           Power        Failure   Level  Hunger
 Shroud of Golubria       Chrm/Tloc      #.........   26%         2    ###....
 Gell's Gravitas          Tloc           #.........   28%         3    ###....
 Lesser Beckoning         Tloc           #.........   28%         3    ###....
 Teleport Other           Tloc           #.......     28%         3    ###....
 Beastly Appendage        Tmut           #.....       32%         1    #......
 Magic Dart               Conj           #...         32%         1    #......
 Call Imp                 Summ           #.......     43%         2    ###....
 Slow                     Hex            #.......     43%         2    ###....
 Mephitic Cloud           Conj/Pois/Air  #.......     65%         3    ###....
 Spider Form              Tmut/Pois      #.........   65%         3    ###....
 Passage of Golubria      Tloc           N/A          65%         4    #####..
 Cause Fear               Hex            #.........   96%         4    #####..
 Ice Form                 Ice/Tmut       #.......     96%         4    #####..
 Blade Hands              Tmut           #.........   100%        5    ######.
 Silence                  Hex/Air        #.........   100%        5    ######.
 Yara's Violent Unravell  Hex/Tmut       #.........   100%        5    ######.
 Deflect Missiles         Chrm/Air       #.........   100%        6    #######
 Discord                  Hex            #.........   100%        8    #######


Dungeon Overview and Level Annotations

Branches:
Dungeon (14/15)            Temple (1/1) D:4            Lair (0/6) D:9
    Orc (0/2) D:11
 Vaults: D:13-14

Altars:
Ashenzari
Cheibriados
Dithmenos
Gozag
Hepliaklqana
Kikubaaqudgha
Makhleb
Nemelex Xobeh
Okawaru
Qazlal
Sif Muna
Trog
Vehumet
Wu Jian
Xom
Zin
The Shining One

Shops:
D:6 *   D:8 (   D:10 !=!*   D:11 (

Portals:
Trove: D:13 (give 8 potions of haste)

Annotations:
D:10 3 runed translucent doors, Kikorro's ghost, novice MiBe
D:13 exclusion: 3 oklob plants


Innate Abilities, Weirdness & Mutations

You have hooves in place of feet.
Armour fits poorly on your strangely shaped body.
You cover ground very quickly.
You have extremely tough skin. (AC +3)


Message History

The meliai hits you with a +0 hand axe.
* * * LOW HITPOINT WARNING * * *
The meliai stings you.
* * * LOW HITPOINT WARNING * * *
You are lethally poisoned!
The meliai poisons you! The meliai hits you but does no damage.
The meliai barely misses you.
You feel better.
The meliai drinks a potion.
The meliai is healed!
The meliai hits you with a +0 hand axe.
* * * LOW HITPOINT WARNING * * *
The meliai completely misses you.
Evoke which item? (* to show all) (? for menu, Esc to quit)
Aiming: Disintegrate
Press: ? - help, Shift-Dir - straight line, f/p - meliai
Aim: a meliai, wielding a +0 hand axe and wearing a +0 leather armour (covered in acid, chance to defeat MR: 83%)
The meliai barely resists.
The meliai hits you but does no damage. The meliai stings you.
* * * LOW HITPOINT WARNING * * *
The meliai hits you with a +0 hand axe.
You die...

#.(# ..# .(# #.# .((
#..# ##(## ###..#
.(( ..#.## #y#
##...## ##@#
##.....##
##..####.......#####
#..)................
#...####.......#####
#...#####.....##
#...##...#...##
#........##.##
#.#.##...##.#
#........>..########


You could see a meliai.

Vanquished Creatures
  Harold (D:7)
  2 centaur warriors (D:14)
  4 two-headed ogres
  An ogre mage (D:14)
  2 deep elf magi
  A wolf spider zombie (D:13)
  6 ugly things
  A manticore (D:14)
  A black mamba (shapeshifter) (D:14)
  A gargoyle (D:12)
  2 kobold demonologists
  A tengu conjurer (D:13)
  2 meliai (D:14)
  3 trolls
  A hornet (D:14)
  2 hippogriffs
  A centaur simulacrum (D:14)
  16 yaks
  3 wraiths
  3 wyverns
  4 vampire mosquitoes (D:12)
  2 hungry ghosts
  2 water moccasins
  A floating eye (D:13)
  2 porcupines (D:9)
  6 orc warriors
  3 sky beasts
  2 ice beasts
  6 ogres
  4 centaurs
  A crocodile (D:9)
  6 big kobolds
  15 bullfrogs
  A gnoll sergeant (D:9)
  A wyvern skeleton (D:13)
  A jelly (D:10)
  A water moccasin zombie (D:6)
  6 scorpions
  A water moccasin skeleton (D:5)
  7 killer bees
  3 howler monkeys
  5 crimson imps
  2 bullfrog zombies (D:12)
  6 centaur zombies
  A quasit (D:8)
  3 orc priests
  2 hounds
  A centaur skeleton (D:4)
  3 iguanas
  5 orc wizards
  2 worker ants
  2 hound skeletons
  2 worker ant zombies
  A howler monkey zombie (D:7)
  12 gnolls
  18 adders
  3 river rats (Sewer)
  4 oozes
  An adder skeleton (D:7)
  An adder zombie (D:9)
  6 worms
  2 dart slugs
  7 leopard geckos
  32 orcs
  A ball python (Sewer)
  2 giant cockroaches (D:1)
  7 goblins
  4 hobgoblins
  6 jackals
  8 quokkas
  8 bats
  3 frilled lizards
  12 kobolds
  A leopard gecko skeleton (D:5)
  14 rats
316 creatures vanquished.

Vanquished Creatures (others)
  3 fungi (D:9)
  A plant (D:9)
4 creatures vanquished.

Grand Total: 320 creatures vanquished

Notes
Turn   | Place    | Note
-------+----------+-------------------------------------------
     0 | D:1      | MordorOrchid the Centaur Hunter began the quest for the
                  | Orb.
     0 | D:1      | Reached XP level 1. HP: 17/17 MP: 1/1
   172 | D:1      | Reached XP level 2. HP: 24/24 MP: 2/2
   220 | D:1      | Reached skill level 6 in Bows
   323 | D:1      | Reached XP level 3. HP: 30/30 MP: 3/3
  1186 | D:2      | Reached skill level 1 in Armour
  1219 | D:2      | Reached XP level 4. HP: 33/37 MP: 4/4
  1713 | D:3      | Reached skill level 7 in Bows
  1717 | D:3      | Reached XP level 5. HP: 35/45 MP: 5/5
  2461 | D:4      | Found a staircase to the Ecumenical Temple.
  2480 | Temple   | Entered the Ecumenical Temple
  2501 | Temple   | Became a worshipper of Warmaster Okawaru
  2560 | D:4      | Found a glowing golden altar of the Shining One.
  2602 | D:4      | Found a glowing silver altar of Zin.
  2688 | D:4      | Found a glowing drain.
  2714 | Sewer    | Entered a sewer
  2836 | Sewer    | Reached XP level 6. HP: 51/51 MP: 6/6
  2965 | Sewer    | Reached skill level 1 in Short Blades
  3189 | Sewer    | Reached skill level 8 in Bows
  3230 | Sewer    | Reached XP level 7. HP: 58/59 MP: 7/7
  3618 | D:4      | Reached * piety under Okawaru
  3618 | D:4      | Reached skill level 1 in Invocations
  3773 | D:4      | Reached skill level 9 in Bows
  3888 | D:4      | Found a sparkling altar of Nemelex Xobeh.
  3890 | D:4      | Found a hazy altar of Hepliaklqana.
  3903 | D:5      | Entered Level 5 of the Dungeon
  4136 | D:5      | Reached skill level 5 in Fighting
  4326 | D:5      | Found a snail-covered altar of Cheibriados.
  4459 | D:5      | Reached ** piety under Okawaru
  4459 | D:5      | Reached XP level 8. HP: 30/68 MP: 9/9
  4595 | D:5      | Reached skill level 10 in Bows
  4977 | D:6      | Found an opulent altar of Gozag.
  5054 | D:6      | Found Okuff's General Store.
  5060 | D:6      | Bought 3 scrolls of fear for 136 gold pieces
  5060 | D:6      | Bought a potion of curing for 39 gold pieces
  5132 | D:6      | Found a transporter.
  5147 | D:6      | Found a transporter.
  5152 | D:6      | Noticed an eight-headed hydra
  5155 | D:6      | Found an ancient bone altar of Kikubaaqudgha.
  5173 | D:6      | Found a shimmering altar of Xom.
  5556 | D:7      | Learned a level 2 spell: Sticks to Snakes
  5559 | D:7      | Learned a level 2 spell: Blink
  5563 | D:7      | Learned a level 3 spell: Conjure Flame
  5689 | D:7      | Noticed a hippogriff
  5706 | D:7      | Killed a hippogriff
  5706 | D:7      | Reached skill level 11 in Bows
  5747 | D:7      | Reached *** piety under Okawaru
  5848 | D:7      | Reached XP level 9. HP: 74/75 MP: 11/11
  5975 | D:7      | Found a bloodstained altar of Trog.
  6348 | D:6      | Noticed an entropy weaver
  6348 | D:6      | an eight-headed hydra changed into an entropy weaver
  6714 | D:6      | Received a gift from Okawaru
  7123 | D:8      | Found Larifal's Antique Weapon Boutique.
  7166 | D:8      | Noticed Harold
  7321 | D:8      | Reached skill level 12 in Bows
  7371 | D:8      | Found a shattered altar of Ashenzari.
  7482 | D:7      | Killed Harold
  7482 | D:7      | Received a gift from Okawaru
  8083 | D:9      | Reached XP level 10. HP: 88/88 MP: 13/13
  8085 | D:9      | Reached skill level 13 in Bows
  8085 | D:9      | Reached skill level 5 in Invocations
  8114 | D:9      | Reached **** piety under Okawaru
  8195 | D:9      | Found a staircase to the Lair.
  8793 | D:10     | Entered Level 10 of the Dungeon
  8852 | D:10     | Found Zauzouwi's General Store.
  8861 | D:10     | Found a runed translucent gate.
  8863 | D:10     | Bought a scroll of identify for 30 gold pieces
  8863 | D:10     | Bought a wand of digging (3) for 210 gold pieces
  8863 | D:10     | Bought a +0 longbow for 67 gold pieces
  8866 | D:10     | Found a runed translucent gate.
  8869 | D:10     | Found a runed translucent gate.
  8889 | D:10     | Noticed Kikorro's ghost (novice MiBe)
  8994 | D:10     | Noticed a red ugly thing
  9042 | D:10     | Killed a red ugly thing
  9042 | D:10     | Received a gift from Okawaru
  9158 | D:10     | Found Epeajioha's Distillery.
  9224 | D:10     | Reached skill level 1 in Evocations
  9516 | D:10     | Found Rinonapt's Distillery.
  9524 | D:10     | Bought a potion of degeneration for 12 gold pieces
  9572 | D:10     | Found Gaybe's Jewellery Emporium.
  9817 | D:11     | Found a staircase to the Orcish Mines.
  9909 | D:11     | Found Wepsam's Weapon Emporium.
  9962 | D:11     | Received a gift from Okawaru
 10127 | D:11     | Reached skill level 14 in Bows
 10200 | D:11     | Reached skill level 5 in Armour
 10232 | D:11     | Reached ***** piety under Okawaru
 10326 | D:11     | Reached XP level 11. HP: 92/97 MP: 15/15
 10964 | D:12     | Received a gift from Okawaru
 11217 | D:12     | Noticed a deep elf mage
 11247 | D:12     | Killed a deep elf mage
 11305 | D:12     | Reached skill level 1 in Translocations
 11325 | D:12     | Reached skill level 10 in Fighting
 11448 | D:12     | Reached skill level 1 in Spellcasting
 11466 | D:12     | Received a gift from Okawaru
 12206 | D:13     | Noticed an oklob plant
 12206 | D:13     | Noticed an oklob plant
 12248 | D:13     | Noticed an oklob plant
 12304 | D:13     | Received a gift from Okawaru
 12321 | D:13     | Found a portal to a secret trove of treasure.
 12664 | D:13     | Got a polished hand axe
 12871 | D:13     | Received a gift from Okawaru
 13330 | D:13     | Paralysed by a floating eye for 2 turns
 13333 | D:13     | Identified the +4 hand axe of Cygocir {chop, MR+ Str+2}
                  | (You found it on level 13 of the Dungeon)
 13416 | D:14     | Received a gift from Okawaru
 13464 | D:14     | Noticed an ogre mage
 13464 | D:14     | Noticed a two-headed ogre
 13465 | D:14     | Noticed a two-headed ogre
 13497 | D:14     | Killed an ogre mage
 13498 | D:14     | Noticed a two-headed ogre
 13511 | D:14     | Killed a two-headed ogre
 13511 | D:14     | Reached XP level 12. HP: 47/106 MP: 10/17
 13642 | D:14     | Noticed a two-headed ogre
 13645 | D:14     | Noticed a two-headed ogre
 13676 | D:13     | Killed a two-headed ogre
 13676 | D:13     | Received a gift from Okawaru
 13799 | D:13     | Killed a two-headed ogre
 13970 | D:14     | Reached ****** piety under Okawaru
 14150 | D:14     | Noticed a centaur warrior
 14154 | D:14     | Noticed a centaur warrior
 14164 | D:14     | Killed a centaur warrior
 14175 | D:14     | Killed a centaur warrior
 14175 | D:14     | Received a gift from Okawaru
 14334 | D:14     | Killed a two-headed ogre
 14668 | D:14     | Received a gift from Okawaru
 14687 | D:14     | HP: 5/106 [meliai/+0 hand axe (10)]
 14692 | D:14     | HP: 4/106 [meliai/+0 hand axe (3)]
 14692 | D:14     | Slain by a meliai

Skill      XL: |  1  2  3  4  5  6  7  8  9 10 11 12 |
---------------+-------------------------------------+-----
Bows           | 6 7 8 9 11 12 14 | 14.0
Armour         | 1 2 3 4 5 7 9 |  9.8
Fighting       | 3 4 5 6 7 9 10 | 10.0
Short Blades   | 1 |  1.0
Invocations    | 2 3 4 6 7 |  7.0
Evocations     | 2 4 |  4.9
Translocations | 2 3 |  3.0
Spellcasting   | 2 3 |  3.0
Dodging        | |  1.3
Stealth        | |  0.4

Action                   |  1- 3 |  4- 6 |  7- 9 | 10-12 || total
-------------------------+-------+-------+-------+-------++-------
Melee: Short sword       |    24 |       |       |       ||    24
       Dagger            |    13 |    36 |    22 |    21 ||    92
       Kick              |     3 |     4 |     5 |     7 ||    19
       Longbow           |       |       |       |     1 ||     1
 Fire: Shortbow          |    64 |   170 |   480 |    78 ||   792
       Longbow           |       |       |       |   675 ||   675
Invok: Heroism           |       |       |     2 |     5 ||     7
       Finesse           |       |       |       |     2 ||     2
Evoke: Wand              |       |       |     8 |    15 ||    23
  Use: Scroll            |     4 |     5 |     5 |     4 ||    18
       Potion            |       |     1 |     6 |     6 ||    13
  Eat: Chunk             |       |     4 |    10 |    17 ||    31
       Ration            |       |       |     1 |       ||     1
Armor: Leather armour    |    41 |    19 |    14 |       ||    74
       Ring mail         |       |       |     6 |       ||     6
       Scale mail        |       |       |    26 |   183 ||   209
       Skin              |       |       |       |    34 ||    34
Dodge: Dodged            |    41 |    37 |    42 |   138 ||   258
